 Dungeon Crawl Stone Soup version 0.24.1 (webtiles) character file.

Game seed: 7435638087881863824, levelgen mode: deterministic

7932 Chiseanne the Fighter (level 11, -6/72 HPs)
             Began as a Gargoyle Wanderer on Mar 30, 2020.
             Was an Initiate of Gozag.
             Mangled by a two-headed ogre
             ... wielding a +0 giant club
              (19 damage)
             ... on level 11 of the Dungeon.
             The game lasted 00:31:47 (12815 turns).

Chiseanne the Fighter (Gargoyle Wanderer)          Turns: 12815, Time: 00:31:48

Health: -6/72      AC: 19    Str: 15    XL:     11   Next: 23%
Magic:  14/14      EV: 14    Int: 14    God:    Gozag
Gold:   426        SH:  0    Dex: 12    Spells: 14/14 levels left

rFire    . . .     SeeInvis +   a - +9 scythe (protect)
rCold    . . .     Gourm    .   (shield currently unavailable)
rNeg     + . .     Faith    .   o - +0 ring mail (curse)
rPois    ∞         Spirit   .   M - +1 helmet {SInv}
rElec    +         Reflect  .   (no cloak)
rCorr    .         Harm     .   (no gloves)
MR       .....     Clarity  +   u - +0 pair of boots
Stlth    ++........             I - amulet of rage
HPRegen  0.22/turn              q - ring of stealth
MPRegen  0.14/turn              (no ring)

@: no status effects
A: clarity, negative energy resistance 1, electricity resistance, unbreathing,
petrification resistance, rot immunity, subdued magic 1, AC +8
a: Potion Petition, Call Merchant, Bribe Branch, Renounce Religion, Evoke
Berserk Rage


You were on level 11 of the Dungeon.
You worshipped Gozag.
Gozag was aware of your devotion.
You were full.

You visited 2 branches of the dungeon, and saw 13 of its levels.

You collected 1375 gold pieces.
You spent 198 gold pieces at shops.
You paid 751 gold pieces to Gozag.

Inventory:

Hand Weapons
 a - a +9 scythe of protection (weapon)
 s - a +0 dagger of venom
 w - a +0 hand crossbow
 F - a +2 demon whip of venom
Missiles
 c - 138 bolts
 h - 243 stones (quivered)
 k - 152 arrows
 m - 11 boomerangs
 r - 79 poisoned darts
 y - 15 curare-tipped darts
 z - 2 throwing nets
 E - 22 sling bullets
 O - 2 silver boomerangs
Armour
 o - a cursed +0 ring mail (worn)
 u - a +0 pair of boots (worn)
 B - a +0 leather armour of cold resistance
 M - a +1 helmet of see invisible (worn)
Jewellery
 q - a ring of stealth (left hand)
 I - an amulet of rage (around neck)
 L - a +3 ring of slaying {unknown}
Wands
 b - a wand of paralysis (5)
 G - a wand of flame (15)
 K - a wand of digging (6)
Scrolls
 d - a scroll of immolation
 v - a scroll of blinking
 x - 3 scrolls of teleportation
 A - 3 scrolls of enchant armour
 J - a scroll of amnesia
 N - a scroll of identify
Potions
 e - 2 potions of brilliance
 g - a potion of might {unknown}
 j - 2 potions of magic
 l - 6 potions of lignification
 n - a potion of invisibility {unknown}
 p - 2 potions of mutation
 t - 3 potions of curing
 D - a potion of resistance
Comestibles
 f - 10 rations


   Skills:
 * Level 10.2 Fighting
 * Level 2.7 Polearms
 - Level 4.9 Crossbows
 * Level 10.1 Armour
 * Level 7.6 Dodging
   Level 1.1 Shields
 - Level 2.0 Spellcasting
   Level 2.4 Earth Magic
   Level 1.0 Poison Magic
 - Level 1.0 Evocations


You had 14 spell levels left.
You didn't know any spells.
Your spell library contained the following spells:

 Spells                   Type           Power        Failure   Level  Hunger
 Sandblast                Erth           #.....       12%         1    ##.....
 Magic Dart               Conj           #...         32%         1    ##.....
 Searing Ray              Conj           #.....       47%         2    ###....
 Stone Arrow              Conj/Erth      #.....       54%         3    ####...
 Dazzling Spray           Conj/Hex       #.....       71%         3    ####...
 Force Lance              Conj/Tloc      #.......     98%         4    #####..
 Fulminant Prism          Conj/Hex       #.........   98%         4    #####..
 Iskenderun's Mystic Bla  Conj           #.......     98%         4    #####..


Dungeon Overview and Level Annotations

Branches:
Dungeon (12/15)            Temple (1/1) D:6            Lair (0/6) D:11
    Orc: D:9-12

Altars:
Ashenzari
Cheibriados
Dithmenos
Elyvilon
Fedhas
Gozag
Hepliaklqana
Kikubaaqudgha
Makhleb
Nemelex Xobeh
Okawaru
Qazlal
Ru
Sif Muna
Trog
Uskayaw
Vehumet
Wu Jian
Xom
Yredelemnul
Zin
The Shining One

Shops:
D:9 [

Annotations:
D:9 2 transporters, teko's ghost, novice MiBe


Innate Abilities, Weirdness & Mutations

You are resistant to torment.
Your stone body is resilient. (AC +8)
You are immune to poison.
You resist negative energy. (rN+)
You are resistant to electric shocks. (rElec)
You can survive without breathing.
You are immune to petrification.
You are immune to rotting.
You possess an exceptional clarity of mind.
Your spells are a little easier to cast, but a little less powerful.


Message History

Aiming: Paralyse
Press: ? - help, Shift-Dir - straight line, f - two-headed ogre
Aim: a two-headed ogre, wielding two +0 giant clubs (chance to defeat MR: 31%)
The two-headed ogre easily resists.
Evoke which item? (* to show all) (? for menu, Esc to quit)
Aiming: Paralyse
Press: ? - help, Shift-Dir - straight line, f/p - two-headed ogre
Aim: a two-headed ogre, wielding two +0 giant clubs (chance to defeat MR: 31%)
The two-headed ogre easily resists.
The two-headed ogre hits you but does no damage.
The two-headed ogre hits you with a +0 giant club!
* * * LOW HITPOINT WARNING * * *
Evoke which item? (* to show all) (? for menu, Esc to quit)
Aiming: Paralyse
Press: ? - help, Shift-Dir - straight line, f/p - two-headed ogre
Aim: a two-headed ogre, wielding two +0 giant clubs (chance to defeat MR: 31%)
The two-headed ogre easily resists.
The two-headed ogre hits you with a +0 giant club!!
You die...
Your body crumbles into a pile of gold.

######......# #.#
.....#...Y.## #.#
.....##..#Y# #.#
.....##..#.# #.#
#######..#.# #.######.#
...# #..#(##########
#........# ...#
#..#...........
...O..OK># ...#
#..#(##.########
..####.## ...#
#..#((....@O...# #Y#
...# #.(#.######.#
#.####.## ...# $ #..#.#
###'## #.......# ####
#..#.# #......##.......#
# #..#.#
#......##.......# #
#..#H# #......##....[..#
#..#[###......##.......#
#.......##.(...........#
##
#.......##.............#


You could see a two-headed ogre.

Vanquished Creatures
  An unseen horror (D:10)
  A deep elf mage (D:9)
  A troll (D:10)
  A hornet (D:8)
  5 hippogriffs
  Sigmund (D:5)
  3 yaks (D:11)
  A hungry ghost (D:9)
  Menkaure (D:4)
  3 vampire mosquitoes (D:8)
  2 soldier ants (D:8)
  2 water moccasins
  4 sky beasts
  2 black bears
  2 orc warriors (D:11)
  2 necrophages
  4 phantoms
  3 centaurs
  5 ogres
  Blork the orc (D:5)
  2 big kobolds (D:9)
  6 bullfrogs
  2 gnoll sergeants
  2 scorpions (D:7)
  2 howler monkeys
  A centaur zombie (D:11)
  2 crimson imps
  2 bullfrog zombies
  4 hounds
  A jelly (D:6)
  4 orc priests
  A bullfrog skeleton (D:11)
  A centaur skeleton (D:4)
  3 iguanas
  4 orc wizards
  3 worker ants
  2 killer bee zombies
  3 hound skeletons
  10 gnolls
  14 adders
  A shadow imp (D:8)
  2 oozes (D:3)
  An adder skeleton (D:4)
  An adder zombie (D:6)
  4 worms
  2 dart slugs
  5 leopard geckos
  27 orcs
  3 ball pythons
  5 bats
  9 giant cockroaches
  5 goblins
  11 hobgoblins
  16 jackals
  23 kobolds
  3 quokkas
  7 frilled lizards
  A giant cockroach zombie (D:6)
  2 leopard gecko skeletons
  A leopard gecko zombie (D:5)
  6 rats
249 creatures vanquished.

Notes
Turn   | Place    | Note
-------+----------+-------------------------------------------
     0 | D:1      | Chiseanne the Gargoyle Wanderer began the quest for the
                  | Orb.
     0 | D:1      | Chiseanne set off with the following items: a +0 hand
                  | crossbow, a wand of paralysis (15), 31 bolts, a +0 robe, a
                  | ration; and the following spell memorised: Sandblast; and
                  | the following spells available to memorise: Stone Arrow
     0 | D:1      | Reached XP level 1. HP: 12/12 MP: 1/1
    77 | D:1      | Reached XP level 2. HP: 5/18 MP: 2/2
   625 | D:1      | Reached skill level 1 in Spellcasting
   625 | D:1      | Reached XP level 3. HP: 22/22 MP: 4/4
   995 | D:1      | Reached skill level 1 in Dodging
  1234 | D:2      | Reached XP level 4. HP: 27/27 MP: 4/6
  1443 | D:2      | Found a blossoming altar of Fedhas.
  1985 | D:3      | Reached XP level 5. HP: 22/32 MP: 7/7
  2414 | D:3      | HP: 1/32 [adder (1)]
  2418 | D:3      | Found a sparkling altar of Nemelex Xobeh.
  2448 | D:3      | Reached XP level 6. HP: 24/37 MP: 9/9
  2731 | D:3      | Found a sparkling altar of Nemelex Xobeh.
  3185 | D:4      | Found a sacrificial altar of Ru.
  3313 | D:4      | Noticed a phantom
  3345 | D:4      | Killed a phantom
  3345 | D:4      | Reached XP level 7. HP: 34/44 MP: 10/10
  3725 | D:5      | Entered Level 5 of the Dungeon
  4203 | D:5      | Noticed Menkaure
  4203 | D:5      | Noticed Blork the orc
  4226 | D:4      | Killed Menkaure
  4379 | D:5      | Killed Blork the orc
  4379 | D:5      | Reached skill level 5 in Fighting
  4658 | D:5      | Found an ancient bone altar of Kikubaaqudgha.
  4699 | D:5      | Reached XP level 8. HP: 41/49 MP: 11/11
  4770 | D:5      | Reached skill level 5 in Armour
  4925 | D:5      | Noticed Sigmund
  4946 | D:5      | Killed Sigmund
  5079 | D:6      | Found a staircase to the Ecumenical Temple.
  5112 | Temple   | Entered the Ecumenical Temple
  5261 | D:6      | Found a radiant altar of Vehumet.
  5753 | D:7      | Found a stormy altar of Qazlal.
  5754 | D:7      | Noticed a water elemental
  5754 | D:7      | Noticed an air elemental
  5757 | D:7      | Noticed a hippogriff
  5766 | D:7      | Killed a hippogriff
  5783 | D:7      | Noticed a hippogriff
  5788 | D:7      | Killed a hippogriff
  5788 | D:7      | Reached XP level 9. HP: 41/56 MP: 12/12
  6240 | D:7      | Found an opulent altar of Gozag.
  6245 | D:7      | Became a worshipper of Gozag Ym Sagoz the Greedy
  6879 | D:8      | Noticed a hornet
  6899 | D:8      | Killed a hornet
  6899 | D:8      | Reached skill level 5 in Dodging
  7209 | D:8      | Found a basalt altar of Yredelemnul.
  7209 | D:8      | Found a burning altar of Makhleb.
  7723 | D:8      | Reached XP level 10. HP: 9/64 MP: 13/13
  9138 | D:9      | Noticed a skeletal warrior
  9143 | D:9      | Found a transporter.
  9147 | D:9      | Noticed a spectral centaur warrior
  9148 | D:9      | Found a transporter.
  9148 | D:9      | Noticed teko's ghost (novice MiBe)
  9323 | D:9      | Noticed a deep elf mage
  9325 | D:9      | Found an iron altar of Okawaru.
  9326 | D:9      | Found a transporter.
  9336 | D:9      | Found a transporter.
  9581 | D:9      | HP: 1/66 [deep elf mage/sticky flame (3)]
  9585 | D:9      | Killed a deep elf mage
  9866 | D:10     | Entered Level 10 of the Dungeon
 10051 | D:10     | HP: 3/66 [ogre/+0 giant club (21)]
 10904 | D:10     | Killed an unseen horror
 10904 | D:10     | Reached skill level 1 in Polearms
 10904 | D:10     | Reached XP level 11. HP: 41/72 MP: 14/14
 11314 | D:10     | Reached skill level 10 in Fighting
 11523 | D:9      | Bought a +1 helmet of see invisible for 198 gold pieces
 11696 | D:11     | Reached skill level 10 in Armour
 12071 | D:11     | Noticed a death yak
 12073 | D:11     | Noticed a death yak
 12074 | D:11     | Noticed a death yak
 12686 | D:11     | Gained mutation: Your spells are a little easier to cast,
                  | but a little less powerful. [potion of mutation]
 12686 | D:11     | Gained mutation: You possess an exceptional clarity of
                  | mind. [potion of mutation]
 12737 | D:11     | Found a staircase to the Lair.
 12754 | D:11     | Noticed a two-headed ogre
 12815 | D:11     | Mangled by a two-headed ogre

Levels and vault maps discovered:
D:1:      sevenhm_arrival_forest_fort_large_4, layout_basic, minmay_domino_2
D:2:      layout_basic, lemuel_round_altar, nrook_campfire
D:3:      layout_rooms, nicolae_overflow_crystal_walls,
          nemelex_dance_club_becter
D:4:      layout_cave_pools, nicolae_ru_sacrificial_ziggurat
D:5:      layout_basic, kennysheep_mini, first_ration, uniq_blork_the_orc,
          uniq_sigmund, uniq_menkaure
D:6:      layout_rooms, vehumet_altar_wand_db, temple_fountains
D:7:      layout_layer_cave, kennysheep_little_box,
          nicolae_qazlal_style_of_elements
D:8:      layout_basic, chequers_temple_overflow_statue_of_worship,
          hangedman_pestilent_swarm
D:9:      layout_cave_pools, gammafunk_temple_overflow_arena,
          gammafunk_ghost_mausoleum, solitary_fountain
D:10:     layout_irregular_city
D:11:     minmay_statue_hallways, layout_basic, dpeg_lair_monsters,
          minmay_orc_entry_temple_small
D:12:     layout_gridville, enter_bailey_2, nicolae_tso_carved_into_rock
Temple:   dshaligram_water_room_temple

Skill      XL: |  1  2  3  4  5  6  7  8  9 10 11 |
---------------+----------------------------------+-----
Spellcasting   | 1 2 |  2.0
Dodging        | 1 2 3 4 6 7 |  7.6
Crossbows      | 2 3 4 |  4.9
Fighting       | 3 4 5 6 8 9 10 | 10.2
Armour         | 3 4 6 8 9 10 | 10.1
Polearms       | 1 2 |  2.7
Shields        | |  1.1
Earth Magic    | |  2.4
Poison Magic   | |  1.0
Evocations     | |  1.0

Action                   |  1- 3 |  4- 6 |  7- 9 | 10-12 || total
-------------------------+-------+-------+-------+-------++-------
Melee: Short sword       |    42 |   102 |    52 |       ||   196
       Dagger            |       |   138 |    59 |       ||   197
       Trident           |       |       |    22 |       ||    22
       Scythe            |       |       |   185 |   312 ||   497
 Fire: Hand crossbow     |    48 |    54 |    10 |     4 ||   116
Throw: Stone             |       |       |       |     1 ||     1
Invok: Potion Petition   |       |       |       |     1 ||     1
       Call Merchant     |       |       |       |     1 ||     1
Evoke: Wand              |       |       |     3 |    14 ||    17
  Use: Scroll            |     5 |     7 |     7 |     5 ||    24
       Potion            |       |     2 |     4 |     4 ||    10
 Stab: Paralysed         |       |       |     1 |     2 ||     3
       Sleeping          |       |       |     1 |       ||     1
       Distracted        |       |       |       |     2 ||     2
  Eat: Chunk             |     1 |     7 |    10 |       ||    18
       Ration            |       |       |     3 |     6 ||     9
Armor: Robe              |     6 |       |       |       ||     6
       Ring mail         |    36 |   133 |   275 |   394 ||   838
Dodge: Dodged            |    55 |   190 |   368 |   469 ||  1082
